Map: Blackpink LE

Players

AxImpact (Impact)

  • Race: Zerg Zerg
  • League: Diamond
  • Spawn Location: 7:00

ShoWTimE - Winner!

  • Race: Protoss Protoss
  • League: Grandmaster
  • Spawn Location: 1:00

Event: HomeStory Cup XVI

VOD

Have the link to the VOD?

Description

Time

  • Played on: Nov. 10, 2017, 7:53 a.m.
  • Length: 19:20

All games in this series

Show
View Real Time Build Order
Export as new Build Order

AxImpact Zerg 

Build Orders: Hatch First 

Get SALT Encoding   

  12  0:01  Drone  
  13  0:12  Overlord  
  13  0:18  Drone  
  14  0:31  Drone x2  
  14  0:35  Drone  
  17  0:52  Hatchery  
  17  0:55  Drone  
  17  0:58  Drone  
  18  1:08  Drone  
  18  1:09  Extractor  
  18  1:18  Spawning Pool  
  17  1:21  Drone  
  18  1:28  Drone  
  20  1:40  Drone  
  20  1:51  Drone  
  21  2:00  Drone  
  22  2:04  Queen  
  22  2:05  Queen  
  22  2:06  Zergling x2  
  27  2:10  Metabolic Boost  
  27  2:25  Drone  
  28  2:30  Overlord  
  28  2:50  Drone, Zergling x4  
  28  2:51  Drone x3  
  34  2:57  Queen  
  35  3:01  Drone  
  36  3:06  Overlord  
  36  3:15  Overlord  
  36  3:26  Zergling x4  
  36  3:27  Drone x4  
  39  3:32  Hatchery  
  39  3:34  Spore Crawler  
  39  3:36  Spore Crawler  
  39  3:39  Drone  
  39  3:40  Drone  
  40  3:44  Drone  
  40  3:48  Drone x2  
  42  3:51  Lair  
  42  3:54  Drone x2  
  44  3:59  Drone  
  44  4:01  Drone  
  46  4:05  Drone  
  46  4:08  Drone x2  
  46  4:09  Extractor, Drone  
  49  4:10  Extractor  
  49  4:13  Overlord  
  49  4:15  Drone  
  49  4:25  Extractor  
  48  4:31  Queen  
  48  4:32  Drone  
  48  4:33  Drone  
  48  4:37  Overlord  
  52  4:38  Overlord  
  52  4:45  Drone x3  
  53  4:46  Drone x2  
  53  4:50  Hydralisk Den  
  56  4:55  Drone x2  
  56  4:57  Drone  
  56  4:58  Drone x2  
  56  4:59  Drone  
  62  5:03  Spore Crawler  
  60  5:08  Drone  
  60  5:11  Drone x6  
  67  5:18  Overlord  
  67  5:19  Overseer  
  66  5:23  Muscular Augments  
  66  5:24  Hydralisk  
  66  5:27  Hydralisk  
  70  5:30  Hydralisk  
  70  5:33  Hydralisk  
  73  5:37  Overlord  
  73  5:38  Hydralisk  
  73  5:42  Hydralisk  
  77  5:44  Hydralisk  
  77  5:48  Hydralisk  
  81  5:51  Overlord x2  
  81  5:54  Hydralisk  
  81  5:56  Hydralisk  
  85  5:58  Overseer  
  85  6:00  Hydralisk  
  85  6:02  Hydralisk  
  89  6:06  Overlord  
  89  6:07  Overlord  
  89  6:10  Hydralisk  
  89  6:14  Hydralisk x2  
  89  6:18  Hydralisk  
  93  6:21  Zergling x6  
  93  6:23  Hydralisk  
  93  6:24  Zergling x2  
  101  6:27  Hydralisk  
  101  6:32  Hydralisk  
  105  6:34  Zergling x6  
  105  6:37  Spine Crawler  
  105  6:39  Spine Crawler  
  107  6:40  Zergling x2  
  107  6:43  Hydralisk  
  109  6:47  Hydralisk  
  109  6:48  Zergling x4  
  109  6:51  Overlord, Zergling x2  
  114  6:54  Overlord  
  114  6:58  Overlord  
  114  7:00  Evolution Chamber  
  113  7:05  Zergling x2  
  114  7:09  Baneling Nest  
  114  7:10  Hydralisk  
  114  7:11  Zergling x6  
  114  7:12  Zergling x4  
  114  7:13  Zergling x2  
  114  7:14  Hydralisk  
  122  7:17  Zergling x2  
  122  7:18  Zergling x2  
  122  7:21  Hydralisk  
  125  7:23  Zergling x4  
  120  7:33  Hydralisk, Zergling x2  
  116  7:37  Hydralisk  
  116  7:41  Hydralisk  
  116  7:42  Zergling x2  
  114  7:47  Hydralisk  
  101  7:52  Hydralisk  
  101  7:53  Zergling x4  
  104  8:03  Hydralisk  
  104  8:04  Zergling x2  
  105  8:07  Hydralisk  
  105  8:11  Centrifical Hooks  
  105  8:12  Zergling x6  
  108  8:15  Hydralisk  
  108  8:16  Zergling x4  
  112  8:24  Hydralisk  
  112  8:25  Zergling x2  
  113  8:28  Baneling x4  
  113  8:29  Zergling x2  
  113  8:32  Baneling x2  
  113  8:35  Zergling x4  
  113  8:38  Hydralisk  
  112  8:45  Hydralisk  
  112  8:46  Zergling x2  
  102  8:50  Hydralisk  
  103  8:56  Baneling x4  
  103  8:58  Zergling x2  
  103  8:59  Zergling x2  
  103  9:00  Hydralisk  
  107  9:06  Drone  
  108  9:10  Drone x2  
  110  9:19  Drone x2, Hatchery  
  110  9:20  Extractor  
  109  9:25  Evolution Chamber  
  109  9:28  Drone  
  109  9:31  Hydralisk  
  109  9:32  Zergling x8  
  109  9:33  Hydralisk  
  109  9:36  Hydralisk  
  117  9:45  Drone x2  
  117  9:46  Drone x2  
  117  9:49  Drone  
  117  9:51  Drone  
  115  9:54  Zerg Melee Weapons Level 1  
  115  9:56  Zergling x2  
  116  10:05  Drone x5  
  121  10:07  Zergling x2  
  115  10:14  Hydralisk  
  115  10:15  Zergling x2  
  115  10:18  Zergling x2  
  115  10:20  Zergling x2  
  112  10:23  Baneling x3  
  112  10:24  Zergling x2  
  112  10:26  Zergling x2  
  114  10:32  Hydralisk, Zergling x2  
  117  10:37  Hydralisk  
  117  10:38  Zergling x2  
  117  10:40  Zergling x2  
  119  10:47  Hydralisk, Zergling x2  
  119  10:48  Zergling x4  
  96  10:52  Zergling x2  
  90  10:57  Drone x2  
  90  11:01  Drone x2  
  90  11:03  Drone  
  95  11:06  Drone x2  
  95  11:08  Drone  
  98  11:12  Drone  
  98  11:13  Drone  
  98  11:14  Drone  
  98  11:17  Baneling x3  
  98  11:18  Baneling  
  101  11:23  Drone  
  101  11:24  Drone  
  103  11:26  Hydralisk  
  103  11:27  Zergling x2  
  103  11:30  Hydralisk  
  103  11:31  Zergling x2  
  108  11:34  Zergling x4  
  108  11:39  Drone x3  
  112  11:41  Drone x2  
  112  11:44  Baneling x4  
  112  11:45  Baneling x2  
  114  11:47  Overseer  
  114  11:53  Drone x4  
  115  11:59  Drone x3  
  115  12:00  Hydralisk  
  115  12:01  Zergling x2  
  118  12:03  Zergling x2  
  118  12:05  Hydralisk  
  121  12:09  Hydralisk  
  121  12:10  Zergling x2  
  121  12:12  Hydralisk  
  126  12:15  Zerg Melee Weapons Level 2  
  126  12:18  Zergling x2  
  126  12:19  Hydralisk  
  126  12:21  Baneling  
  126  12:22  Baneling x3  
  129  12:23  Baneling  
  129  12:24  Zergling x4  
  129  12:29  Hydralisk, Drone x2  
  133  12:31  Zergling x2  
  133  12:34  Hydralisk  
  133  12:35  Zergling x2  
  139  12:41  Zergling x10  
  139  12:42  Baneling  
  139  12:43  Baneling x3  
  144  12:47  Overlord  
  144  12:48  Overlord  
  144  12:49  Drone  
  144  12:50  Zergling x2  
  144  12:54  Overlord  
  144  13:03  Baneling x6  
  144  13:10  Zergling x4  
  144  13:11  Zergling x12  
  152  13:16  Zergling x10  
  152  13:17  Zergling x4  
  159  13:20  Baneling x6  
  159  13:21  Baneling x3  
  159  13:22  Baneling, Zergling x2  
  160  13:29  Overlord  
  160  13:31  Overlord x2  
  158  13:34  Overlord  
  158  13:39  Overlord  
  158  13:41  Hydralisk x2  
  148  13:42  Zergling x2  
  148  13:46  Overlord  
  148  13:47  Overlord  
  151  13:49  Hydralisk  
  151  13:53  Zergling x2  
  151  13:54  Zergling x4  
  156  13:57  Zergling x6  
  156  13:58  Baneling  
  156  13:59  Baneling x4  
  159  14:04  Hydralisk  
  159  14:05  Zergling x6  
  159  14:07  Zergling x2  
  162  14:10  Hydralisk  
  162  14:11  Zergling x4  
  162  14:14  Hydralisk  
  162  14:15  Zergling x2  
  168  14:22  Hydralisk  
  168  14:23  Zergling x6  
  170  14:28  Hydralisk  
  170  14:30  Baneling x11  
  162  14:32  Hydralisk  
  159  14:40  Hydralisk x3  
  159  14:44  Hydralisk x2  
  139  14:46  Zergling x2  
  139  14:50  Hydralisk  
  112  14:54  Zergling x6  
  112  14:59  Drone x3  
  118  15:04  Drone  
  118  15:05  Drone x2  
  118  15:06  Baneling x2  
  121  15:09  Hydralisk  
  124  15:14  Drone  
  124  15:16  Drone x3  
  124  15:18  Zergling x2  
  128  15:24  Hydralisk x2  
  128  15:26  Hydralisk  
  134  15:31  Zergling x2  
  134  15:32  Zergling x4  
  134  15:35  Zergling x4  
  138  15:37  Hydralisk  
  140  15:43  Baneling x3  
  140  15:44  Baneling x4  
  140  15:45  Zergling x4  
  140  15:46  Zergling x2  
  140  15:49  Zergling x4  
  145  15:52  Zergling x6  
  145  15:55  Baneling x5  
  144  16:04  Hydralisk x2  
  144  16:05  Zergling x6  
  144  16:09  Hydralisk  
  144  16:10  Zergling x4  
  151  16:13  Pneumatized Carapace  
  151  16:16  Zerg Missile Weapons Level 1  
  151  16:20  Hydralisk x2  
  151  16:21  Zergling x2  
  156  16:27  Hydralisk x2  
  156  16:28  Zergling x2  
  161  16:37  Zergling x2  
  161  16:39  Hatchery  
  155  16:40  Hydralisk, Zergling x2  
  155  16:44  Hydralisk, Zergling x2  
  155  16:45  Zergling x2  
  162  16:47  Overlord  
  162  16:49  Zergling x2  
  162  16:52  Hydralisk  
  165  17:01  Baneling x9  
  165  17:02  Zergling x4  
  165  17:03  Zergling x2  
  165  17:06  Zergling x6  
  171  17:10  Zergling x6  
  171  17:12  Zergling x2  
  171  17:15  Zergling x4  
  177  17:21  Zergling x10  
  177  17:22  Baneling  
  181  17:23  Baneling x2  
  181  17:26  Hydralisk  
  181  17:28  Zergling x2  
  181  17:29  Zergling x2  
  184  17:33  Hydralisk, Zergling x2  
  184  17:36  Baneling x4  
  187  17:39  Zergling x2  
  187  17:43  Hydralisk  
  187  17:44  Zergling x2  
  191  17:47  Baneling x4  
  191  17:48  Baneling  
  191  17:49  Overlord  
  182  17:59  Drone x7  
  182  18:01  Extractor x2  
  170  18:07  Hydralisk x2, Zergling x2  
  170  18:08  Zergling x2  
  170  18:09  Hydralisk  
  159  18:15  Hydralisk  
  159  18:16  Zergling x6  
  159  18:18  Zergling x2  
  159  18:19  Zergling x2  
  139  18:20  Zergling x2  
  139  18:21  Zergling x2  
  139  18:25  Hydralisk  
  139  18:26  Zergling x4  
  142  18:29  Hydralisk  
  142  18:30  Zergling x4  
  142  18:33  Zergling x4  
  133  18:34  Hydralisk  
  133  18:37  Zergling x2  
  133  18:39  Baneling x3  
  135  18:41  Zergling x6  
  135  18:43  Zergling x2  
  135  18:44  Zergling x2  
  132  18:50  Hydralisk, Zergling x2  
  132  18:51  Zergling x6  
  132  18:54  Hydralisk  
  131  18:58  Zergling x2  
  123  19:03  Zergling x4  
Show
View Real Time Build Order
Export as new Build Order

ShoWTimE Protoss - Winner!

Build Orders: 1 Gate Expand, Oracle Opening, Phoenix Opening 

Get SALT Encoding   

  1  0:00  Probe (Chrono Boost)  
  12  0:04  Probe (Chrono Boost)  
  14  0:17  Pylon  
  14  0:23  Probe (Chrono Boost)  
  16  0:37  Gateway, Probe (Chrono Boost)  
  16  0:43  Assimilator  
  16  0:49  Probe (Chrono Boost)  
  17  0:57  Probe (Chrono Boost)  
  17  1:03  Probe (Chrono Boost)  
  19  1:15  Probe (Chrono Boost)  
  20  1:25  Nexus  
  20  1:35  Cybernetics Core  
  20  1:39  Probe (Chrono Boost)  
  21  1:42  Assimilator  
  21  1:51  Probe (Chrono Boost)  
  21  1:52  Pylon  
  22  2:01  Adept  
  22  2:03  Probe (Chrono Boost)  
  22  2:05  Pylon  
  23  2:15  Probe (Chrono Boost)  
  26  2:25  Stargate  
  26  2:27  Probe (Chrono Boost)  
  27  2:31  Adept  
  29  2:38  Warp Gate  
  29  2:39  Probe (Chrono Boost)  
  29  2:42  Probe (Chrono Boost)  
  32  2:51  Probe (Chrono Boost)  
  32  2:52  Shield Battery  
  32  2:54  Probe (Chrono Boost)  
  33  2:59  Adept  
  33  3:01  Oracle, Probe (Chrono Boost)  
  33  3:03  Probe (Chrono Boost)  
  37  3:09  Probe (Chrono Boost)  
  41  3:16  Probe (Chrono Boost)  
  43  3:21  Probe (Chrono Boost)  
  44  3:28  Probe (Chrono Boost)  
  44  3:33  Probe (Chrono Boost), Pylon  
  44  3:34  Phoenix  
  44  3:40  Probe (Chrono Boost)  
  45  3:42  Gateway  
  45  3:45  Probe (Chrono Boost)  
  48  3:52  Probe (Chrono Boost)  
  48  3:56  Gateway  
  48  3:57  Probe (Chrono Boost)  
  48  3:59  Pylon  
  49  4:04  Probe (Chrono Boost)  
  49  4:06  Robotics Facility  
  49  4:12  Probe (Chrono Boost)  
  49  4:15  Assimilator  
  49  4:16  Probe (Chrono Boost)  
  51  4:19  Pylon  
  51  4:33  Twilight Council  
  51  4:34  Forge  
  51  4:41  Adept x2  
  51  4:44  Warp Prism  
  55  4:55  Nexus  
  55  4:56  Pylon  
  57  5:13  Resonating Glaives, Protoss Ground Weapons Level 1  
  57  5:15  Immortal  
  57  5:16  Sentry x2  
  57  5:19  Shield Battery  
  61  5:23  Pylon  
  64  5:37  Sentry  
  64  5:39  Gateway  
  64  5:41  Gateway  
  64  5:42  Immortal, Probe (Chrono Boost)  
  67  5:52  Gateway  
  67  5:54  Gateway  
  67  5:55  Gateway  
  71  6:01  Pylon  
  71  6:09  Probe x3 (Chrono Boost)  
  74  6:15  Adept x3, Observer  
  80  6:22  Pylon  
  81  6:28  Pylon  
  81  6:45  Adept x2  
  81  6:46  Adept x3  
  91  6:49  Adept x2  
  91  6:51  Adept  
  97  6:56  Pylon  
  97  7:07  Adept  
  99  7:13  Probe (Chrono Boost)  
  98  7:16  Adept x7  
  110  7:30  Adept  
  90  7:44  Adept x7  
  96  7:52  Adept  
  98  8:00  Probe x2 (Chrono Boost)  
  98  8:01  Probe (Chrono Boost)  
  101  8:12  Adept x7  
  115  8:13  Adept  
  117  8:21  Pylon  
  117  8:32  Adept x4  
  122  8:35  Sentry x2  
  122  8:37  Sentry  
  117  8:52  Adept x4  
  120  8:56  Probe (Chrono Boost)  
  120  9:21  Adept x6  
  120  9:22  Adept  
  132  9:27  Shield Battery  
  132  9:30  Pylon  
  132  9:32  Shield Battery  
  132  9:33  Shield Battery  
  132  9:42  Pylon  
  126  9:56  Adept  
  126  9:59  Adept x4, Sentry x2  
  138  10:00  Adept  
  138  10:03  Pylon  
  128  10:18  Adept  
  123  10:22  Adept x5  
  123  10:23  Adept x2  
  137  10:39  Adept x4  
  137  10:40  Adept x2  
  137  10:46  Adept x2  
  67  11:04  Adept x6  
  67  11:06  Adept  
  67  11:10  Adept  
  83  11:22  Adept x2  
  83  11:23  Adept x2  
  83  11:25  Adept  
  93  11:27  Adept  
  93  11:32  Adept  
  97  11:43  Assimilator  
  97  12:08  Sentry x3  
  103  12:11  Protoss Ground Weapons Level 2  
  103  12:12  Assimilator, Probe x3 (Chrono Boost)  
  103  12:14  Assimilator  
  106  12:19  Sentry  
  111  12:23  Photon Cannon  
  111  12:24  Photon Cannon, Probe x3 (Chrono Boost)  
  111  12:25  Sentry  
  113  12:35  Blink  
  113  12:40  Pylon  
  113  12:44  Pylon  
  113  12:57  Adept x5  
  123  13:02  Adept x3  
  129  13:07  Immortal  
  129  13:08  Shield Battery  
  129  13:10  Shield Battery  
  129  13:13  Shield Battery  
  133  13:30  Adept x5  
  143  13:36  Immortal  
  139  13:46  Stalker x3  
  143  13:52  Nexus  
  143  13:57  Pylon  
  141  14:12  Adept x5  
  151  14:18  Adept x2  
  151  14:19  Immortal  
  153  14:34  Sentry x2  
  153  14:35  Sentry  
  154  14:42  Adept x2  
  154  14:43  Adept  
  140  14:50  Stalker x2  
  120  15:03  Robotics Bay  
  120  15:09  Sentry x5  
  130  15:26  Nexus  
  130  15:32  Pylon  
  130  15:44  Extended Thermal Lance  
  130  15:45  Colossus  
  130  15:47  Robotics Facility  
  130  15:51  Adept  
  130  15:52  Adept x2  
  130  15:56  Pylon  
  128  16:20  Colossus  
  128  16:23  Colossus  
  128  16:25  Photon Cannon  
  128  16:26  Shield Battery  
  143  16:55  Probe x3 (Chrono Boost)  
  143  16:56  Assimilator  
  143  16:59  Assimilator  
  143  17:01  Probe (Chrono Boost)  
  144  17:07  Probe (Chrono Boost)  
  145  17:09  Colossus  
  145  17:10  Photon Cannon  
  145  17:14  Photon Cannon  
  149  17:25  Stalker  
  149  17:30  Stalker  
  149  17:35  Stalker x2  
  155  17:50  Colossus  
  159  18:01  Stalker x3  
  157  18:10  Stalker x3  
  145  18:14  Stalker  
  140  18:20  Stalker  
  140  18:24  Probe x2 (Chrono Boost)  
  144  18:30  Immortal  
  144  18:34  Stalker  
  150  18:54  Adept x6  
Tags
 
Add a new tag
Caveats
  • Supply blocks, unpowered buildings, or Contaminate may cause inaccurate times.
  • Supply counts are checked every 10 seconds.